[Event "Titled Tuesday Blitz September 21 2021"]
[White "Gabrielian, Artur"]
[Black "Khusnutdinov, Rustam"]
[WhiteFideId "4131002"]
[BlackFideId "13701703"]
[WhiteElo "2489"]
[BlackElo "2571"]
[Result "1-0"]
[Round "05"]
[TimeControl "180+1"]
[Date "2021.09.21"]
[WhiteClock "0:00:04"]
[BlackClock "0:00:10"]

1. e4 e5 2. Nc3 Nf6 3. g3 d5 4. exd5 Nxd5 5. Bg2 Nxc3 6. bxc3 Nc6 7. Nf3 Bc5 8. O-O O-O 9. Re1 Re8 10. d4 exd4 11. Rxe8+ Qxe8 12. cxd4 Bb6 13. c3 Bf5 14. Bf4 Qd7 15. Qd2 Re8 16. Re1 h6 17. Rxe8+ Qxe8 18. h3 Qd7 19. g4 Be6 20. g5 h5 21. g6 fxg6 22. Ng5 Bd5 23. Bxd5+ Qxd5 24. Qe2 Qd7 25. Qe4 Ne7 26. Qxb7 Kf8 27. Qe4 Ke8 28. Be5 Qf5 29. Qa8+ Kd7 30. Nh7 Nc8 31. Bxg7 Qxh3 32. Qd5+ Nd6 33. Nf6+ Ke7 34. Qg8 Qf3 35. Qf8+ Ke6 36. d5+ Kf5 37. Nh7+ Kg4 38. Qxf3+ Kxf3 39. Ng5+ Kg4 40. Ne6 Kf3 41. Ng5+ Ke2 42. Bd4 Bxd4 43. cxd4 Kd3 44. Ne6 Ke4 45. Nxc7 Kxd4 46. Kg2 Nf5 47. Kf3 Kc5 48. Kf4 h4 49. Kg4 a5 50. f4 Kd6 51. Ne6 Kxd5 52. Nf8 Ne7 53. Kxh4 Kc4 54. Kg5 Kc3 55. Nxg6 Nd5 56. f5 Kb2 57. Nf4 Nc7 58. f6 Nb5 59. f7 Kxa2 60. f8=Q a4 61. Qf7+ Ka3 62. Nd5 Kb3 63. Qf3+ Kc4 64. Nb6+ Kb4 65. Nxa4 Kxa4 66. Qe4+ Ka5 67. Qh4 Kb6 68. Kf5 Kc5 69. Ke6 Nd4+ 70. Ke5 Nc6+ 71. Ke4 Nb4 72. Qf2+ Kc4 73. Qf1+ Kc3 74. Qf6+ Kc4 75. Qf7+ Kc5 76. Qc7+ Nc6 77. Kd3 Kd5 78. Qb6 Ne5+ 79. Kc3 Nd7 80. Qb5+ Kd6 81. Kd4 Ke6 82. Qc6+ Ke7 83. Qa6 Nf8 84. Ke5 Nd7+ 85. Kf5 Nc5 86. Qc6 Nd7 87. Qe6+ Kd8 88. Qd6 Kc8 89. Ke6 Nb8 90. Ke7 Kb7 91. Qb4+ Kc7 92. Qc5+ Kb7 93. Kd6 Na6 94. Qb5+ Ka7 95. Kc6 Nb8+ 96. Kc7 Na6+ 97. Kc8 1-0


[Site "https://www.chess.com"]

[Event "Titled Tuesday Blitz September 21 2021"]
[White "Gelman, Alexander"]
[Black "Odegov, Artem"]
[WhiteFideId "4118316"]
[BlackFideId "34183644"]
[WhiteElo "2375"]
[BlackElo "2257"]
[Result "1-0"]
[Round "05"]
[TimeControl "180+1"]
[Date "2021.09.21"]
[WhiteClock "0:00:42"]
[BlackClock "0:00:05"]

1. d4 Nf6 2. Nc3 c5 3. d5 g6 4. e4 Bg7 5. e5 Ng8 6. f4 Nh6 7. Nf3 O-O 8. h4 d6 9. h5 Bg4 10. hxg6 fxg6 11. Be2 Bxf3 12. Bxf3 Nf5 13. Ne4 h6 14. c3 Na6 15. g4 dxe5 16. gxf5 gxf5 17. Ng3 e4 18. Be2 e6 19. dxe6 Qb6 20. Bc4 Kh8 21. Qh5 Nc7 22. Nxf5 Rxf5 23. Qxf5 Rf8 24. Qxe4 Qd6 25. Be3 b5 26. Bd3 Qxd3 27. Qxd3 1-0


[Site "https://www.chess.com"]

[Event "Titled Tuesday Blitz September 21 2021"]
[White "Goltsev, Dmitry"]
[Black "Andreikin, Dmitry"]
[WhiteFideId "24176710"]
[BlackFideId "4158814"]
[WhiteElo "2334"]
[BlackElo "2736"]
[Result "0-1"]
[Round "05"]
[TimeControl "180+1"]
[Date "2021.09.21"]
[WhiteClock "0:00:50"]
[BlackClock "0:00:56"]

1. e4 c5 2. Nf3 e6 3. d4 cxd4 4. Nxd4 Nc6 5. Nc3 Qc7 6. Be2 a6 7. O-O Nf6 8. Be3 Be7 9. f4 d6 10. Bf3 O-O 11. g4 Nxd4 12. Bxd4 e5 13. fxe5 dxe5 14. Be3 Bc5 15. Bxc5 Qxc5+ 16. Kg2 Be6 17. g5 Rad8 18. Qe2 Bc4 19. Qf2 Bxf1+ 20. Rxf1 Nd7 21. Nd5 Qxf2+ 22. Rxf2 Nc5 23. h4 g6 24. h5 Ne6 25. Nf6+ Kh8 26. h6 Nxg5 27. c4 Rd6 28. Bg4 Rd4 29. b3 b6 30. Nd7 Rd8 31. Nxb6 f5 32. Bxf5 gxf5 33. Rxf5 Rd2+ 34. Kg3 Nxe4+ 35. Kf3 Nd6 36. Rxe5 Nf7 37. Re7 Nxh6 38. c5 Nf5 39. Ra7 Nd4+ 40. Ke3 Nc6 41. Rxa6 R2d3+ 42. Ke2 Nb4 43. Ra4 Re8+ 44. Kf2 Rd2+ 45. Kg3 Nd3 46. Ra8 Rxa8 47. Nxa8 Nxc5 48. b4 Rxa2 49. Nc7 Na6 50. Nd5 Rb2 0-1


[Site "https://www.chess.com"]

[Event "Titled Tuesday Blitz September 21 2021"]
[White "Gontcharov, Vladislav"]
[Black "Harikrishna, Pentala"]
[WhiteFideId "4123492"]
[BlackFideId "5007003"]
[WhiteElo "2503"]
[BlackElo "2614"]
[Result "0-1"]
[Round "05"]
[TimeControl "180+1"]
[Date "2021.09.21"]
[WhiteClock "0:00:01"]
[BlackClock "0:00:05"]

1. e4 e6 2. d4 d5 3. Nd2 c5 4. exd5 Qxd5 5. Ngf3 cxd4 6. Bc4 Qd7 7. O-O Nc6 8. Nb3 a6 9. Nbxd4 Nxd4 10. Nxd4 Qc7 11. Bd3 Bd6 12. h3 Nf6 13. Bg5 Bh2+ 14. Kh1 Bf4 15. Bxf4 Qxf4 16. c3 O-O 17. Qe2 e5 18. Nb3 Re8 19. Rfe1 Bd7 20. Na5 Qh4 21. Kg1 e4 22. Bc4 Re5 23. Nxb7 Rg5 24. Qe3 Bxh3 25. Bf1 Bc8 26. Qb6 Bxb7 27. Qxb7 Rf8 28. g3 Qh6 29. Bg2 Rh5 30. Qxa6 Qd2 31. Re2 Qg5 32. Rae1 Rh6 33. Qa4 Qh5 34. Rxe4 Nxe4 35. Qxe4 Rf6 36. Qe2 Qc5 37. Qe3 Qc4 38. b3 Qa6 39. Qd2 h5 40. c4 h4 41. gxh4 Rg6 42. Kf1 Qf6 43. h5 Rg5 0-1


[Site "https://www.chess.com"]

[Event "Titled Tuesday Blitz September 21 2021"]
[White "Gorin, Leonid"]
[Black "Sarana, Alexey"]
[WhiteFideId "4131991"]
[BlackFideId "24133795"]
[WhiteElo "2363"]
[BlackElo "2671"]
[Result "0-1"]
[Round "05"]
[TimeControl "180+1"]
[Date "2021.09.21"]
[WhiteClock "0:01:47"]
[BlackClock "0:01:56"]

1. e4 c5 2. Nf3 Nc6 3. d4 cxd4 4. Nxd4 Nf6 5. Nc3 e5 6. Ndb5 d6 7. Bg5 a6 8. Na3 b5 9. Nd5 Be7 10. Bxf6 Bxf6 11. c3 Bg5 12. Nc2 O-O 13. Be2 Ne7 14. Ncb4 Bb7 15. Qd3 Kh8 16. O-O Ng6 17. g3 a5 18. Qxb5 Qc8 19. Nb6 Qh3 20. N4d5 Ba6 21. Qxa6 Rxa6 22. Bxa6 Bf4 23. Rfe1 Nh4 0-1


[Site "https://www.chess.com"]

[Event "Titled Tuesday Blitz September 21 2021"]
[White "Gubanov, Oleg"]
[Black "Tanenbaum, Zachary"]
[WhiteFideId "14115115"]
[BlackFideId "2060850"]
[WhiteElo "2128"]
[BlackElo "2165"]
[Result "0-1"]
[Round "05"]
[TimeControl "180+1"]
[Date "2021.09.21"]
[WhiteClock "0:00:01"]
[BlackClock "0:00:19"]

1. d4 d5 2. Bf4 Nf6 3. Nc3 a6 4. Nf3 Bf5 5. e3 e6 6. Ne5 Nfd7 7. g4 Bg6 8. h4 Nxe5 9. Bxe5 h5 10. g5 Nd7 11. Bf4 c5 12. Bd3 cxd4 13. exd4 Bxd3 14. Qxd3 g6 15. O-O-O Bg7 16. Bd6 Nb6 17. Bc5 Nc4 18. b3 b6 19. bxc4 bxc5 20. cxd5 cxd4 21. dxe6 O-O 22. exf7+ Kh7 23. Ne4 Rxf7 24. Nf6+ Bxf6 25. gxf6 Qa5 26. Rhg1 Rxf6 27. Rg5 Qxa2 28. Rxh5+ Kg7 29. Rc5 Ra7 30. Qxd4 Qa3+ 31. Kd2 Rf7 32. Rc3 Qa5 33. Kc1 Kh7 0-1


[Site "https://www.chess.com"]

[Event "Titled Tuesday Blitz September 21 2021"]
[White "Hambleton, Aman"]
[Black "Martinovici, Ilia"]
[WhiteFideId "2606577"]
[BlackFideId "13907034"]
[WhiteElo "2552"]
[BlackElo "2303"]
[Result "0-1"]
[Round "05"]
[TimeControl "180+1"]
[Date "2021.09.21"]
[WhiteClock "0:00:06"]
[BlackClock "0:00:07"]

1. d4 Nf6 2. Bf4 e6 3. e3 c5 4. c3 Nc6 5. Nd2 b6 6. Ngf3 Bb7 7. h3 Be7 8. Bd3 Rc8 9. O-O O-O 10. Re1 d5 11. Ne5 Nxe5 12. Bxe5 Bd6 13. Bxf6 Qxf6 14. f4 Qh6 15. Nf3 f6 16. Qa4 Bc6 17. Bb5 Bxb5 18. Qxb5 Rfe8 19. Rad1 Qg6 20. a4 Qf7 21. a5 Rb8 22. a6 Red8 23. c4 dxc4 24. dxc5 Bxc5 25. Rxd8+ Rxd8 26. Qxc4 Qd7 27. b4 Bf8 28. Nd4 Qd5 29. Qxd5 Rxd5 30. b5 e5 31. fxe5 fxe5 32. Nc6 Rxb5 33. Ra1 Bc5 34. Nxa7 Bxe3+ 35. Kh1 Rc5 36. Nc6 Rxc6 37. a7 Rc8 38. a8=Q Rxa8 39. Rxa8+ Kf7 40. g3 Bd4 41. Kg2 Kf6 42. Kf3 Kf5 43. Rf8+ Ke6 44. Ke4 g6 45. Rh8 h5 46. Rg8 Kf7 47. Rb8 Kf6 48. Rc8 Kg5 49. Rc6 h4 50. g4 b5 51. Rc7 b4 52. Rb7 Bc3 53. Rb6 Kh6 54. Rb8 Kg5 55. Rb5 Kh6 56. Rb6 Kg5 57. Kf3 Kh6 58. Rb5 Kg5 59. Rb7 Kh6 60. Ke3 Kg5 61. Ke4 Kh6 62. Rb8 Kg5 63. Rb5 Kh6 64. Kd3 Kg5 65. Ke3 Kh6 66. Ke2 Kg5 67. Kf3 Kh6 68. Kf2 Kg5 69. Ke3 Kh6 70. Rb7 Kg5 71. Kf3 Kh6 72. g5+ Kxg5 73. Ke4 Kh5 74. Rb8 Kg5 75. Rb5 Kh5 76. Rb7 Kg5 77. Rb6 Kh6 78. Rb8 Kg7 79. Kf3 Kf6 80. Ke4 Kg5 81. Rb7 Kh5 82. Rb8 Kh6 83. Rb6 Kg5 84. Rb5 Kf6 85. Rc5 Bd4 86. Rc6+ Kg5 87. Rc4 Bc3 88. Rc5 Kf6 89. Ra5 Kg5 90. Ra6 b3 91. Rb6 b2 92. Rb5 Bd4 93. Rb7 Kh5 94. Rb8 g5 95. Kf3 Kg6 96. Ke4 g4 97. hxg4 h3 98. Kf3 Kg5 99. Rg8+ Kf6 100. Rf8+ Ke6 101. Rb8 h2 102. Kg2 e4 103. g5 e3 104. g6 e2 105. Re8+ Kf6 106. g7 Kxg7 107. Rxe2 b1=Q 108. Kxh2 Qg1+ 109. Kh3 Qh1+ 110. Kg3 Qh5 111. Re4 Bf6 112. Rg4+ Kf7 113. Kf3 Be5 114. Ke4 Qxg4+ 115. Kd5 Qe6+ 116. Ke4 Ke7 117. Kf3 Bh8 118. Kf4 Kf6 119. Kg3 Qe5+ 120. Kg4 Kg6 121. Kh3 Qg5 122. Kh2 Qg4 123. Kh1 Kh5 124. Kh2 Be5+ 125. Kh1 Qh3+ 126. Kg1 Bd4# 0-1


[Site "https://www.chess.com"]

[Event "Titled Tuesday Blitz September 21 2021"]
[White "Herrera Reyes, Jose Antonio"]
[Black "Makhnev, Denis"]
[WhiteFideId "2274914"]
[BlackFideId "13707647"]
[WhiteElo "2361"]
[BlackElo "2537"]
[Result "1-0"]
[Round "05"]
[TimeControl "180+1"]
[Date "2021.09.21"]
[WhiteClock "0:03:00"]
[BlackClock "0:01:50"]

1. Nf3 Nf6 2. g3 g6 3. Bg2 Bg7 4. d3 O-O 5. Nc3 c5 6. h4 Nc6 7. h5 Nxh5 8. Bg5 d5 9. Qd2 Bg4 10. Bh6 Bxf3 11. Bxf3 Nf6 12. Bxg7 Kxg7 13. Qh6+ Kh8 14. Nxd5 1-0


[Site "https://www.chess.com"]

[Event "Titled Tuesday Blitz September 21 2021"]
[White "Iskusnyh, Sergei"]
[Black "Buscar, Michael"]
[WhiteFideId "4120027"]
[BlackFideId "2603616"]
[WhiteElo "2492"]
[BlackElo "2010"]
[Result "1-0"]
[Round "05"]
[TimeControl "180+1"]
[Date "2021.09.21"]
[WhiteClock "0:00:28"]
[BlackClock "0:00:01"]

1. d4 Nf6 2. c4 e6 3. g3 d5 4. Nf3 c5 5. cxd5 exd5 6. Bg2 Nc6 7. O-O Be7 8. dxc5 Bxc5 9. a3 O-O 10. b4 Be7 11. Nc3 Be6 12. Bb2 Rc8 13. Rc1 Ne4 14. Nxe4 dxe4 15. Nd4 Nxd4 16. Qxd4 Qxd4 17. Bxd4 Bd5 18. Bxa7 Bg5 19. e3 Ra8 20. Bc5 Rfc8 21. Rfd1 Bc6 22. Bd4 Be7 23. Bf1 Ba4 24. Re1 Bb3 25. Bh3 Rd8 26. Rc3 Bd5 27. Rec1 1-0


[Site "https://www.chess.com"]

[Event "Titled Tuesday Blitz September 21 2021"]
[White "Janaszak, Dawid"]
[Black "Madaminov, Mukhiddin"]
[WhiteFideId "1119206"]
[BlackFideId "14210703"]
[WhiteElo "2283"]
[BlackElo "1855"]
[Result "0-1"]
[Round "05"]
[TimeControl "180+1"]
[Date "2021.09.21"]
[WhiteClock "0:00:02"]
[BlackClock "0:01:03"]

1. e4 e5 2. Nf3 Nc6 3. d4 exd4 4. Nxd4 Nf6 5. Nxc6 bxc6 6. e5 Qe7 7. Qe2 Nd5 8. h4 d6 9. c4 Nb6 10. exd6 cxd6 11. Bg5 Qxe2+ 12. Bxe2 h6 13. Bf4 Be7 14. Nd2 O-O 15. O-O-O d5 16. b3 Bf5 17. Be5 Rfe8 18. Bb2 a5 19. Bf3 a4 20. g3 axb3 21. axb3 Ra2 22. Rhe1 Kf8 23. g4 Bh7 24. g5 hxg5 25. hxg5 Rea8 26. Rh1 Kg8 27. Rxh7 Kxh7 28. Rh1+ Kg8 29. g6 fxg6 30. Bg4 Bf6 31. Be6+ Kf8 32. Bxf6 gxf6 33. Rh7 R2a7 34. Rh4 Ra1+ 35. Kc2 R8a2+ 36. Kc3 Rc1+ 37. Kb4 Rxd2 38. Kc5 dxc4 39. bxc4 Nd7+ 40. Kb4 c5+ 41. Kb5 Rb1+ 42. Kc6 Rb6+ 43. Kc7 Rxe6 0-1


[Site "https://www.chess.com"]

[Event "Titled Tuesday Blitz September 21 2021"]
[White "Kamsky, Gata"]
[Black "Suarez Gomez, Julio"]
[WhiteFideId "2000024"]
[BlackFideId "22275991"]
[WhiteElo "2603"]
[BlackElo "2376"]
[Result "1-0"]
[Round "05"]
[TimeControl "180+1"]
[Date "2021.09.21"]
[WhiteClock "0:00:07"]
[BlackClock "0:00:09"]

1. e4 d5 2. exd5 Qxd5 3. Nc3 Qd6 4. d4 Nf6 5. Nb5 Qd8 6. Nf3 c6 7. Na3 Bf5 8. Nc4 Nbd7 9. Be2 e6 10. O-O Be7 11. Bf4 O-O 12. Nd6 Bg6 13. Nxb7 Qb6 14. Nd6 Qxb2 15. Bd3 Nd5 16. Nc4 Qb7 17. Bg3 c5 18. Bxg6 hxg6 19. Bd6 Bxd6 20. Nxd6 Qa6 21. Ne4 cxd4 22. Qxd4 Rac8 23. Rfc1 Rc4 24. Qd3 Qa4 25. Neg5 Rfc8 26. h4 Rxc2 27. Rxc2 Qxc2 28. Qxc2 Rxc2 29. Rb1 N7b6 30. a4 Ra2 31. Rc1 Rxa4 32. Rc6 Rc4 33. Rd6 Rc1+ 34. Kh2 Rc8 35. Ne4 Kf8 36. Ne5 a5 37. Nd7+ Nxd7 38. Rxd7 Ra8 39. Ng5 a4 40. Rxf7+ Kg8 41. Rb7 a3 42. Rb1 a2 43. Ra1 Nc3 44. f3 Rb8 45. Ne4 Nxe4 46. fxe4 Rb2 47. Kg3 e5 48. Kf3 Kf7 49. g3 Kf6 50. Kg4 Rf2 51. Kh3 g5 52. h5 g6 53. h6 Kf7 54. Kg4 Kg8 55. Kxg5 Kh7 56. g4 Rb2 57. Kf6 Rb6+ 58. Kxe5 Ra6 59. g5 Kh8 60. Kd5 Ra5+ 61. Ke6 Rxg5 62. Rxa2 Kh7 63. e5 Kxh6 64. Kd6 Rg1 65. e6 Kg7 66. e7 Rd1+ 67. Ke6 Re1+ 68. Kd7 Rd1+ 69. Ke8 g5 70. Ra5 Kf6 71. Kf8 Re1 72. e8=Q Rxe8+ 73. Kxe8 g4 74. Kd7 g3 75. Kd6 g2 76. Ra1 Kf5 77. Rg1 Kf4 78. Rxg2 Kf3 79. Rg5 1-0


[Site "https://www.chess.com"]

[Event "Titled Tuesday Blitz September 21 2021"]
[White "Karttunen, Mika"]
[Black "Kabanov, Nikolai"]
[WhiteFideId "502081"]
[BlackFideId "4127820"]
[WhiteElo "2343"]
[BlackElo "2303"]
[Result "1-0"]
[Round "05"]
[TimeControl "180+1"]
[Date "2021.09.21"]
[WhiteClock "0:00:10"]
[BlackClock "0:00:09"]

1. c4 c5 2. Nf3 Nc6 3. Nc3 g6 4. d3 Bg7 5. Bd2 d6 6. g3 Nf6 7. Bg2 O-O 8. Qc1 Re8 9. Bh6 Bh8 10. h3 Rb8 11. O-O a6 12. Ng5 Nd4 13. g4 b5 14. e3 Ne6 15. f4 Nxg5 16. fxg5 b4 17. Nd5 Nxd5 18. Bxd5 e6 19. Bg2 Bg7 20. Bxg7 Kxg7 21. h4 Rf8 22. Rf6 e5 23. Qd1 Be6 24. Qf3 Qd7 25. Bh3 a5 26. Rf1 Rb7 27. e4 Ra7 28. Kh2 a4 29. Kg3 a3 30. b3 Rc7 31. Bg2 Rb7 32. Bh3 Rc7 33. Qe3 Ra7 34. R1f2 Rb7 35. Rh2 Rbb8 36. Qf3 Rh8 37. Bf1 Rbf8 38. Be2 h6 39. gxh6+ Rxh6 40. g5 Rh7 41. h5 gxh5 42. Rxh5 Rxh5 43. Qxh5 Rh8 44. Rh6 Qd8 45. Bf3 Qg8 46. Bg4 Bxg4 47. Kxg4 Qc8+ 48. Kg3 Qd8 49. Qh4 Qe8 50. Qh3 Qd8 51. Qh5 Qe8 52. Rxh8 Qxh8 53. Qxh8+ Kxh8 54. Kg4 Kg7 55. Kf5 Kf8 56. Kf6 Ke8 57. g6 fxg6 58. Kxg6 Ke7 59. Kg7 Ke6 60. Kf8 Kf6 61. Ke8 Kg5 62. Kd7 Kf4 63. Kxd6 Ke3 64. Kxe5 Kxd3 65. Kd5 Kc2 66. e5 Kb2 67. e6 Kxa2 68. e7 Kxb3 69. e8=Q a2 70. Qe3+ Kb2 71. Qd2+ Kb1 72. Qd1+ Kb2 73. Qd2+ Kb1 74. Kxc5 b3 75. Qd3+ Kb2 76. Qd4+ Kb1 77. Kb4 Kc2 78. Qc3+ Kd1 79. Qxb3+ 1-0


[Site "https://www.chess.com"]

[Event "Titled Tuesday Blitz September 21 2021"]
[White "Kobalia, Mikhail"]
[Black "Czerw, Dawid"]
[WhiteFideId "4119150"]
[BlackFideId "1145746"]
[WhiteElo "2626"]
[BlackElo "2075"]
[Result "1-0"]
[Round "05"]
[TimeControl "180+1"]
[Date "2021.09.21"]
[WhiteClock "0:01:28"]
[BlackClock "0:00:36"]

1. e4 c5 2. Nf3 g6 3. c3 Bg7 4. d4 cxd4 5. cxd4 d5 6. e5 Bg4 7. Nbd2 Nc6 8. h3 Bxf3 9. Nxf3 e6 10. Qb3 Qb6 11. Qxb6 axb6 12. Bd2 Nge7 13. Bb5 O-O 14. O-O Rfc8 15. g4 Bf8 16. Rfc1 Na5 17. Kf1 Nc4 18. Bc3 Nc6 19. Ke2 Na7 20. Bxc4 dxc4 21. a4 b5 22. Bd2 b4 23. Be3 Rc7 24. Nd2 c3 25. bxc3 bxc3 26. Ne4 Bb4 27. Rab1 Ba5 28. d5 exd5 29. Nf6+ Kg7 30. Nxd5 Rd7 31. Nf6 Rc7 32. Bxa7 Rxa7 33. Ne8+ 1-0


[Site "https://www.chess.com"]

[Event "Titled Tuesday Blitz September 21 2021"]
[White "Kollars, Dmitrij"]
[Black "Vakhlamov, Igor L."]
[WhiteFideId "12909572"]
[BlackFideId "24126748"]
[WhiteElo "2584"]
[BlackElo "2416"]
[Result "1-0"]
[Round "05"]
[TimeControl "180+1"]
[Date "2021.09.21"]
[WhiteClock "0:00:06"]
[BlackClock "0:00:01"]

1. e4 c5 2. Nf3 Nc6 3. Bb5 Nf6 4. Nc3 g6 5. O-O Bg7 6. e5 Ng4 7. Bxc6 dxc6 8. Re1 O-O 9. d3 b6 10. Bf4 Nh6 11. Ne4 Nf5 12. Qd2 Nd4 13. Nxd4 cxd4 14. Bh6 c5 15. Qf4 Bb7 16. h4 Qd7 17. h5 Qf5 18. Ng3 Qxf4 19. Bxf4 e6 20. h6 Bh8 21. a4 Bd5 22. Ne4 Rfd8 23. a5 b5 24. Nxc5 b4 25. Nb3 Bc6 26. Nd2 Bd5 27. b3 f6 28. exf6 Bxf6 29. Nc4 Rac8 30. a6 Rc6 31. Ra4 Be7 32. Be5 Kf7 33. Bg7 Bxc4 34. bxc4 Rb6 35. Re4 Bc5 36. Ra5 Be7 37. Bxd4 b3 38. Bxb6 bxc2 39. Be3 Rxd3 40. Bf4 Rd1+ 41. Kh2 Bd6 42. Rae5 Bxe5 43. Rxe5 Rd4 44. Bc1 Rd1 45. Bg5 1-0


[Site "https://www.chess.com"]

[Event "Titled Tuesday Blitz September 21 2021"]
[White "Korchmar, Vasiliy"]
[Black "Garcia Garcia, Alejandro"]
[WhiteFideId "24131750"]
[BlackFideId "3516334"]
[WhiteElo "2370"]
[BlackElo "2131"]
[Result "1-0"]
[Round "05"]
[TimeControl "180+1"]
[Date "2021.09.21"]
[WhiteClock "0:01:48"]
[BlackClock "0:01:30"]

1. e4 c5 2. Nf3 e6 3. d4 cxd4 4. Nxd4 Nc6 5. Nc3 Nf6 6. Nxc6 bxc6 7. e5 Nd5 8. Nxd5 cxd5 9. Bd3 g6 10. O-O Bg7 11. Bf4 O-O 12. Qd2 f6 13. Rae1 Bb7 14. c3 Qb6 15. exf6 Bxf6 16. Be5 Kg7 17. h4 h5 18. Qg5 1-0


[Site "https://www.chess.com"]

[Event "Titled Tuesday Blitz September 21 2021"]
[White "Koridze, Lile"]
[Black "Moksh Amit Doshi"]
[WhiteFideId "13612514"]
[BlackFideId "25064967"]
[WhiteElo "1978"]
[BlackElo "2245"]
[Result "0-1"]
[Round "05"]
[TimeControl "180+1"]
[Date "2021.09.21"]
[WhiteClock "0:00:02"]
[BlackClock "0:00:17"]

1. d4 Nf6 2. c4 g6 3. Nc3 d5 4. Nf3 Bg7 5. Bg5 Ne4 6. cxd5 Nxg5 7. Nxg5 e6 8. Qd2 exd5 9. Qe3+ Kf8 10. Qf4 f6 11. h4 Bf5 12. Nf3 Nc6 13. a3 Qd7 14. e3 Re8 15. Be2 Kf7 16. O-O h6 17. Rac1 g5 18. Qg3 Bf8 19. Nxd5 Bd6 20. Ne5+ fxe5 21. Bc4 Kg7 22. hxg5 exd4 23. gxh6+ Kf8 24. Qg5 Rg8 25. Qxg8+ Kxg8 26. Nf6+ Kh8 27. Nxd7 Bxd7 28. exd4 Nxd4 29. Rfe1 Rf8 30. Re4 c5 31. Rd1 Bc6 32. Rg4 Be5 33. Re1 Bf4 34. Re7 Bxh6 35. Bd3 Nf5 36. Re6 Bd7 37. Bxf5 Bxe6 38. Bxe6 Re8 39. Rg6 Bg7 40. g3 Rd8 41. b3 Rd2 0-1


[Site "https://www.chess.com"]

[Event "Titled Tuesday Blitz September 21 2021"]
[White "Kovalchuk94"]
[Black "Estrada Nieto, Julian"]
[BlackFideId "5101018"]
[WhiteElo "2690"]
[BlackElo "2270"]
[Result "1/2-1/2"]
[Round "05"]
[TimeControl "180+1"]
[Date "2021.09.21"]
[WhiteClock "0:00:46"]
[BlackClock "0:01:04"]

1. d4 d5 2. c4 dxc4 3. e4 e5 4. Nf3 exd4 5. Bxc4 Nc6 6. O-O Be6 7. Bb5 Bc5 8. b4 Bb6 9. a4 a6 10. Bxc6+ bxc6 11. a5 Ba7 12. Bb2 Nf6 13. Bxd4 Nxe4 14. Re1 Nf6 15. Bxa7 Qxd1 16. Rxd1 Rxa7 17. Nd4 Bd7 18. Re1+ Kd8 19. Nc3 Re8 20. Na4 Rxe1+ 21. Rxe1 Rb7 22. Rd1 Kc8 23. Nc5 Rxb4 24. Nxa6 Ra4 25. Nb3 Be6 26. Nac5 Bxb3 27. Nxb3 Ra3 28. Nd4 Rxa5 29. Nxc6 Rc5 30. Ne7+ Kb7 31. Rb1+ Ka6 32. g3 Nd5 33. Ra1+ Kb7 34. Rb1+ Ka6 35. Ra1+ Kb7 36. Rb1+ Ka6 1/2-1/2


[Site "https://www.chess.com"]

[Event "Titled Tuesday Blitz September 21 2021"]
[White "Kovalev, Vladislav"]
[Black "Tomb, Maroun"]
[WhiteFideId "13504398"]
[BlackFideId "5300398"]
[WhiteElo "2573"]
[BlackElo "2593"]
[Result "1-0"]
[Round "05"]
[TimeControl "180+1"]
[Date "2021.09.21"]
[WhiteClock "0:00:11"]
[BlackClock "0:00:05"]

1. e4 d6 2. d4 Nf6 3. Nc3 e5 4. Nf3 Nbd7 5. Bc4 Be7 6. O-O h6 7. a4 c6 8. Re1 Qc7 9. b3 Nf8 10. Bb2 Ng6 11. Qd2 O-O 12. h3 Nh5 13. Bf1 Be6 14. g3 Rad8 15. Bg2 Qc8 16. Kh2 Nf6 17. Rad1 Qc7 18. Qc1 a6 19. Qa1 b5 20. Nb1 Nd7 21. Nbd2 Bf6 22. Nf1 Nb6 23. a5 Nc8 24. Ne3 Nce7 25. Rd2 c5 26. d5 Bc8 27. c4 b4 28. Ng4 Bxg4 29. hxg4 Rfe8 30. Bh3 Nf8 31. Kg2 Nh7 32. Rdd1 Ra8 33. Bc1 Ng6 34. Re2 Qe7 35. Kg1 Reb8 36. Bg2 Kf8 37. Nd2 Bg5 38. Bb2 Ke8 39. Nf1 Kd7 40. Ne3 Kc7 41. Nf5 Qf6 42. f4 Nxf4 43. gxf4 Bxf4 44. Rd3 g6 45. Ne3 Qg5 46. Qf1 Nf6 47. Bf3 Rh8 48. Ng2 h5 49. Nxf4 hxg4 50. Ne6+ fxe6 51. Bg2 exd5 52. cxd5 Raf8 53. Qc1 Qh4 54. Rf2 Nh5 55. Rxf8 Rxf8 56. Qd2 Nf4 57. Re3 Rh8 58. Kf1 Qh2 59. Qf2 Qh5 60. Bc1 Rf8 61. Ke1 Qh6 62. Qd2 g5 63. Qf2 Qh4 64. Qxh4 Nxg2+ 65. Ke2 Nxh4 66. Rg3 Nf3 67. Rxg4 Nd4+ 68. Kd3 Nxb3 69. Bxg5 Rf7 70. Be3 Nxa5 71. Rg8 c4+ 72. Kd2 Nb7 73. Ra8 a5 74. Ra6 Kd7 75. Ra7 Kc7 76. Ra6 Kb8 77. Bb6 Rf2+ 78. Bxf2 c3+ 79. Kc2 Kc7 80. Bb6+ Kb8 81. Kb3 Kc8 82. Ra8+ Kd7 83. Ra7 Kc8 84. Ra6 Kb8 85. Bf2 Kc7 86. Be3 Kb8 87. Bb6 Kc8 88. Kc2 Kd7 89. Bxa5 Nc5 90. Ra7+ Kc8 91. Bxb4 Nxe4 92. Bxc3 Nf6 93. Ra5 Kd7 94. Bb4 Kc7 95. Kb3 Kb6 96. Kc4 Ne4 97. Rb5+ Kc7 98. Ra5 Kb6 99. Ra2 Kc7 100. Ra6 Kd7 101. Ra7+ Kc8 102. Kb5 Nf6 103. Kc6 Kd8 104. Bxd6 Ke8 105. Re7+ Kf8 106. Rxe5+ Kg8 107. Re6 Ng4 108. Rg6+ Kh7 109. Rxg4 1-0


[Site "https://www.chess.com"]

[Event "Titled Tuesday Blitz September 21 2021"]
[White "Kozak, Adam"]
[Black "Pinheiro, Iung Alicio de O."]
[WhiteFideId "753246"]
[BlackFideId "2104350"]
[WhiteElo "2448"]
[BlackElo "2618"]
[Result "1-0"]
[Round "05"]
[TimeControl "180+1"]
[Date "2021.09.21"]
[WhiteClock "0:01:14"]
[BlackClock "0:01:04"]

1. e4 c6 2. d4 d5 3. exd5 cxd5 4. Nf3 Nc6 5. Bd3 Bg4 6. c3 Nf6 7. h3 Bh5 8. Nbd2 e6 9. O-O Bd6 10. Re1 Qc7 11. a4 g5 12. g4 Bg6 13. Bxg6 hxg6 14. Nxg5 O-O-O 15. Ndf3 Nh7 16. Kg2 Bf4 17. Bxf4 Qxf4 18. Nxh7 Rxh7 19. Qd2 Qc7 20. Qg5 Rdh8 21. Rh1 f5 22. Rae1 Qf7 23. Qf4 Qf6 24. Ng5 Rf7 25. Rxe6 1-0


[Site "https://www.chess.com"]

[Event "Titled Tuesday Blitz September 21 2021"]
[White "Krasilnikov, Evgeni"]
[Black "Krysa, Leandro"]
[WhiteFideId "4139739"]
[BlackFideId "116807"]
[WhiteElo "2295"]
[BlackElo "2490"]
[Result "0-1"]
[Round "05"]
[TimeControl "180+1"]
[Date "2021.09.21"]
[WhiteClock "0:00:05"]
[BlackClock "0:00:04"]

1. e4 c5 2. c3 Nf6 3. e5 Nd5 4. d4 cxd4 5. Nf3 Nc6 6. Bc4 Nb6 7. Bb3 d6 8. exd6 Qxd6 9. O-O Bf5 10. Nxd4 Nxd4 11. cxd4 e6 12. Qf3 Be7 13. Qxb7 O-O 14. Nc3 Bf6 15. Be3 h5 16. Rad1 Rfb8 17. Qa6 Nc8 18. Qe2 Bg4 19. f3 Bf5 20. d5 e5 21. Ne4 Qd8 22. d6 Nb6 23. Qf2 Rc8 24. Nxf6+ Qxf6 25. Qe2 Rab8 26. Rd2 h4 27. h3 a5 28. Rfd1 Nd7 29. Ba4 Rb4 30. Bxd7 Bxd7 31. b3 a4 32. bxa4 Rxa4 33. Rc2 Rca8 34. Rdc1 Qg6 35. Kh2 Qg3+ 36. Kh1 R4a6 37. Qf2 Rxd6 38. Qxg3 hxg3 39. Kg1 Be6 40. Kf1 Bxa2 41. Ke2 Be6 42. Rd2 Rda6 43. Rcd1 Kh7 44. Ke1 f5 45. Rd8 Rxd8 46. Rxd8 f4 47. Bd2 Ra1+ 48. Ke2 Bc4+ 49. Rd3 Ra3 0-1


[Site "https://www.chess.com"]

[Event "Titled Tuesday Blitz September 21 2021"]
[White "Kubatko, Ivan"]
[Black "Petriashvili, Nikoloz"]
[WhiteFideId "24111473"]
[BlackFideId "13611216"]
[WhiteElo "2285"]
[BlackElo "2430"]
[Result "0-1"]
[Round "05"]
[TimeControl "180+1"]
[Date "2021.09.21"]
[WhiteClock "0:00:03"]
[BlackClock "0:01:25"]

1. e4 c5 2. c3 Nf6 3. e5 Nd5 4. d4 cxd4 5. cxd4 d6 6. Nf3 Nc6 7. Bc4 dxe5 8. dxe5 Ndb4 9. Qe2 Bf5 10. O-O e6 11. Bg5 Be7 12. Bxe7 Qxe7 13. Nc3 O-O 14. Rad1 Rfd8 15. Ne4 Bg4 16. a3 Bxf3 17. gxf3 Nd5 18. Ng3 Nf4 19. Qe4 Qg5 20. Rfe1 h5 21. Kh1 h4 0-1


[Site "https://www.chess.com"]